 Dungeon Crawl Stone Soup version 0.27.1-1-g398f81649c (webtiles) character file.

Game seed: 4004174556094371525

453 Metae the Skirmisher (level 6, -8/57 HPs)
             Began as a Minotaur Fighter on Sept 9, 2021.
             Was an Initiate of Makhleb.
             Mangled by an ogre (28 damage)
             ... on level 3 of the Dungeon.
             The game lasted 00:15:07 (4715 turns).

Metae the Skirmisher (Minotaur Fighter)             Turns: 4715, Time: 00:15:08

Health: -8/57      AC:  7    Str: 23    XL:     6   Next: 75%
Magic:  5/5        EV:  7    Int:  5    God:    Makhleb [......]
Gold:   153        SH: 10    Dex:  9    Spells: 5/5 levels left

rFire    . . .     SeeInvis .   i - +0 trident
rCold    . . .     Faith    .   c - +0 kite shield
rNeg     . . .     Spirit   .   a - +0 scale mail
rPois    .         Reflect  .   (helmet restricted)
rElec    .         Harm     .   (no cloak)
rCorr    .         Rampage  .   (no gloves)
Will     .....                  (no boots)
Stlth    ..........             m - amulet of the acrobat
HPRegen  0.19/turn              (no ring)
MPRegen  0.09/turn              (no ring)

@: no status effects
A: horns 2, retaliatory headbutt
a: Renounce Religion


You were on level 3 of the Dungeon.
You worshipped Makhleb.
Makhleb was noncommittal.
You visited 1 branch of the dungeon, and saw 4 of its levels.

You collected 153 gold pieces.

Inventory:

Hand Weapons
 b - a +0 hunting sling
 i - a +0 trident (weapon)
 q - a +0 scythe
Missiles
 j - 120 stones (quivered)
Armour
 a - a +0 scale mail (worn)
 c - a +0 kite shield (worn)
 h - a +0 chain mail
Magical Staves
 g - a staff of poison
 o - a staff of cold
Jewellery
 m - an amulet of the acrobat (around neck)
Wands
 l - a wand of iceblast (5)
Scrolls
 f - a scroll of holy word {unknown}
 p - a scroll of vulnerability {unknown}
Potions
 d - a potion of might
 e - 2 potions of heal wounds {unknown}
 k - 2 potions of curing {unknown}
 n - a potion of resistance {unknown}


   Skills:
 * Level 6.1 Fighting
 + Level 4.1 Polearms
 + Level 5.8 Armour
 - Level 4.7 Shields
 + Level 1.1 Invocations
 + Level 1.0 Evocations


You had 5 spell levels left.
You didn't know any spells.
Your spell library was empty.

Dungeon Overview and Level Annotations

Branches:
Dungeon (4/15)
 Temple: D:4-7

Altars:
Makhleb
Nemelex Xobeh


Innate Abilities, Weirdness & Mutations

You have a pair of horns on your head.
You reflexively headbutt those who attack you in melee.


Message History

A hobgoblin comes into view.
The gnoll hits you from afar with a +0 spear.
The endoplasm hits you. The gnoll hits you but does no damage.
You puncture the endoplasm!
You kill the endoplasm!
Makhleb accepts your kill. The gnoll hits you but does no damage.
An ogre comes into view. It is wielding a +0 giant club.
The gnoll barely misses you. The gnoll hits you but does no damage.
The gnoll completely misses you.
You see here a dark potion.
You block the gnoll's attack. You block the iguana's attack.
The ogre barely misses you. You block the gnoll's attack.
You block the ogre's attack. The gnoll closely misses you.
The ogre barely misses you.
There is a stone staircase leading up here.
The gnoll closely misses you. You block the iguana's attack.
The gnoll hits you from afar with a +0 spear.
You climb upwards.
There is a stone staircase leading down here.
You barely miss the ogre. You headbutt the ogre.
The ogre is lightly wounded.
The ogre hits you with a +0 giant club. The iguana barely misses you.
You furiously retaliate!
You headbutt the iguana, but do no damage.
You hit the ogre.
The ogre is moderately wounded.
You block the ogre's attack. The iguana barely misses you.
You hit the ogre.
The ogre is moderately wounded.
The ogre hits you with a +0 giant club!!
The iguana bites you. x2
Your shield and scale mail prevent you from hitting the ogre.
The ogre is moderately wounded.
You block the ogre's attack. The iguana closely misses you.
You furiously retaliate!
You headbutt the iguana! You hit the ogre but do no damage.
The ogre is moderately wounded.
The ogre hits you with a +0 giant club!!
You die...

#.#..####..###..##.#######
##...............#.......#
#.#.####.#######..###.##.## .#.##
#.# #..........## #.######.#
#......P....## .###...#.#
#...####.....## ## .......<.#
#...#..#...##.###. ##.......#
#.l.#..'...##..... .........#
#@O.####).###.##.# ##..#....#
#.........##.###.# #..###...#
#.........†.......
..#####..#######.###.##.#>#####..
.###.###.................## ###
###._.###.##.###.#########
.###.###..##.###.###
..#'#'#..###.#.....#
.†.###...###.#.#...#


You could see an ogre and an iguana.

Vanquished Creatures
  Sigmund (D:3)
  A bullfrog skeleton (D:3)
  Terence (D:3)
  8 gnolls
  3 adders
  2 worms
  11 dart slugs
  7 bats
  6 endoplasms
  3 giant cockroaches
  6 goblins
  9 hobgoblins
  15 jackals
  4 quokkas
  8 ball pythons
  8 frilled lizards
  7 kobolds
  6 rats
106 creatures vanquished.

Vanquished Creatures (others)
  4 plants (D:4)
4 creatures vanquished.

Grand Total: 110 creatures vanquished

Notes
Turn   | Place    | Note
-------+----------+-------------------------------------------
     0 | D:1      | Metae the Minotaur Fighter began the quest for the Orb.
     0 | D:1      | Reached XP level 1. HP: 19/19 MP: 0/0
   277 | D:1      | Reached XP level 2. HP: 13/27 MP: 1/1
   613 | D:1      | Reached skill level 4 in Fighting
   836 | D:1      | Reached XP level 3. HP: 30/33 MP: 2/2
  1880 | D:2      | Found a faded altar of an unknown god.
  2008 | D:2      | Reached XP level 4. HP: 40/41 MP: 3/3
  2855 | D:3      | Reached skill level 5 in Fighting
  2855 | D:3      | Reached XP level 5. HP: 45/48 MP: 4/4
  2862 | D:3      | Reached skill level 5 in Armour
  3225 | D:3      | Found a sparkling altar of Nemelex Xobeh.
  3458 | D:3      | Noticed Terence
  3470 | D:3      | Killed Terence
  3508 | D:3      | Noticed Sigmund
  3741 | D:3      | Found a burning altar of Makhleb.
  3741 | D:3      | Noticed an Executioner
  3745 | D:3      | Noticed a hellwing
  3745 | D:3      | Noticed a ynoxinul
  3747 | D:3      | Became a worshipper of Makhleb the Destroyer
  4291 | D:3      | Killed Sigmund
  4292 | D:3      | Reached skill level 6 in Fighting
  4292 | D:3      | Reached skill level 1 in Invocations
  4292 | D:3      | Reached XP level 6. HP: 39/57 MP: 5/5
  4696 | D:4      | Reached skill level 1 in Evocations
  4715 | D:3      | Mangled by an ogre

Illustrated notes

Levels and vault maps discovered:
D:1:      kilobyte_arrival_exit_the_forest, layout_basic, grunt_decor_fettered,
          minmay_quantized
D:2:      layout_basic, hellmonk_ecumenical_altar_leap_of_faith
D:3:      kennysheep_slugbush, layout_loops_ring, makhleb_altar_promises_db,
          nemelex_diamond_rough_becter, corexii_shack,
          minmay_misc_feat_enclosed, kennysheep_big_empty_room, uniq_terence,
          uniq_sigmund
D:4:      cheibrodos_old_hovel, layout_rooms, lemuel_temple_firewalk_b,
          kennysheep_generic_room_14, uniq_grinder

Skill      XL: |  1  2  3  4  5  6 |
---------------+-------------------+-----
Fighting       | 4 5 6 |  6.1
Armour         | 4 5 |  5.8
Polearms       | 3 4 |  4.1
Shields        | 4 |  4.7
Invocations    | 1 |  1.1
Evocations     | 1 |  1.0

Action                   |  1- 3 |  4- 6 || total
-------------------------+-------+-------++-------
Melee: Trident           |    99 |   155 ||   254
       Headbutt          |    12 |    20 ||    32
Evoke: Wand              |       |     5 ||     5
  Use: Potion            |       |     1 ||     1
Armor: Scale mail        |    42 |    58 ||   100
Dodge: Dodged            |    21 |    56 ||    77
Block: Kite shield       |    43 |    76 ||   119
